[Event "Titled Tuesday Blitz April 4 Early 2023"]
[White "Jain Kashish Manoj"]
[Black "Chernomordik, Pavel"]
[WhiteFideId "35081098"]
[BlackFideId "2804530"]
[WhiteElo "2191"]
[BlackElo "2193"]
[Result "0-1"]
[Round "09"]
[TimeControl "180+2"]
[Date "2023.04.04"]
[WhiteClock "0:00:01"]
[BlackClock "0:00:17"]

1. Nf3 g6 2. e3 Bg7 3. c4 d6 4. Nc3 Nf6 5. b3 O-O 6. Bb2 e5 7. d3 Nc6 8. Be2 Re8 9. O-O h6 10. a3 a5 11. Qc2 g5 12. Rac1 Bf5 13. Rfd1 Ne7 14. b4 Ng6 15. Nd5 g4 16. Nd2 c6 17. Nxf6+ Qxf6 18. Ne4 Qe7 19. c5 dxc5 20. bxc5 Red8 21. Nd6 Be6 22. a4 h5 23. d4 Qg5 24. Nxb7 Rdb8 25. Nd6 h4 26. Bc4 Nf8 27. dxe5 g3 28. Ne4 gxh2+ 29. Kh1 Qh5 30. Bxe6 Nxe6 31. Bd4 h3 32. f4 Qg6 33. gxh3 Kh8 34. Qg2 Qf5 35. Kxh2 Rg8 36. Qf3 Bh6 0-1


[Site "https://www.chess.com"]

[Event "Titled Tuesday Blitz April 4 Early 2023"]
[White "Castellanos Villela, Alejandro"]
[Black "Chandreyee, Hajra"]
[WhiteFideId "3446379"]
[BlackFideId "5056535"]
[WhiteElo "2103"]
[BlackElo "1725"]
[Result "1/2-1/2"]
[Round "09"]
[TimeControl "180+2"]
[Date "2023.04.04"]
[WhiteClock "0:00:07"]
[BlackClock "0:00:15"]

1. d4 e6 2. c4 f5 3. Nc3 Nf6 4. Nf3 Be7 5. g3 O-O 6. Bg2 Ne4 7. O-O d6 8. Qc2 Nxc3 9. Qxc3 a5 10. b3 Nc6 11. Bb2 Bf6 12. Rfd1 Qe8 13. Qd2 e5 14. dxe5 dxe5 15. e3 e4 16. Nd4 Ne5 17. Nb5 Qf7 18. Qd5 c6 19. Qxf7+ Rxf7 20. Nd6 Rf8 21. Rd2 Nd3 22. Bxf6 Rxf6 23. Bxe4 fxe4 24. Nxe4 Re6 25. Ng5 Rd6 26. Rad1 h6 27. Ne4 Re6 28. f3 Ne5 29. Rd8+ Kh7 30. Nd6 Nxf3+ 31. Kf2 Ng5 32. Nxc8 Nf7 33. Rf8 Nd6 34. c5 Rxc8 35. Rxc8 Nxc8 36. Rd7 Re7 37. Rd8 Na7 38. a4 Nb5 39. axb5 cxb5 40. Ra8 Rc7 41. Rxa5 Rxc5 42. Kf3 b6 43. Ra7 Rc3 44. Rb7 Rxb3 45. Rxb6 Rb2 46. h4 h5 47. e4 b4 48. Ke3 Rb3+ 49. Kf4 Rb1 50. Kg5 Rb3 51. Kf4 Rb1 52. e5 b3 53. Kg5 Re1 54. Rxb3 Rxe5+ 55. Kf4 Rc5 56. Re3 g6 57. Re4 Kh6 58. Ra4 Rb5 59. Ra8 Rf5+ 60. Ke4 Rb5 61. Rh8+ Kg7 62. Rd8 Rb4+ 63. Ke5 Rb5+ 64. Kf4 Rb4+ 65. Kf3 Rb3+ 66. Kg2 Rb2+ 67. Kh3 Rc2 68. Rd7+ Kf6 69. Ra7 Kf5 70. Ra5+ Kf6 71. Ra6+ Kf5 72. Ra8 Kf6 73. Rf8+ Kg7 74. Rf4 Rb2 75. Ra4 Rc2 76. Rb4 Rd2 77. Rb7+ Kh6 78. Rf7 Rc2 79. Rf3 Rd2 80. Rf1 Rd6 1/2-1/2


[Site "https://www.chess.com"]

[Event "Titled Tuesday Blitz April 4 Early 2023"]
[White "Hirneise, Jens"]
[Black "Kukreja, Sankalp"]
[WhiteFideId "24614734"]
[BlackFideId "45027676"]
[WhiteElo "2345"]
[BlackElo "2126"]
[Result "1-0"]
[Round "09"]
[TimeControl "180+2"]
[Date "2023.04.04"]
[WhiteClock "0:00:30"]
[BlackClock "0:00:01"]

1. Nf3 d5 2. c4 c6 3. e3 Nf6 4. a3 g6 5. b4 Bg7 6. Bb2 O-O 7. cxd5 cxd5 8. Be2 Bg4 9. O-O Nc6 10. Ne5 Bxe2 11. Qxe2 Qd6 12. Nxc6 bxc6 13. f4 e6 14. Be5 Qe7 15. Nc3 c5 16. bxc5 Qxc5 17. Rfc1 Qa5 18. Qb5 Qxb5 19. Nxb5 Ne4 20. Bxg7 Kxg7 21. d3 Nf6 22. Rab1 a6 23. Nc7 Ra7 24. Rc6 Kg8 25. h3 Rc8 26. Rbc1 Nd7 27. Nxd5 Rxc6 28. Ne7+ Kf8 29. Nxc6 Rc7 30. Rc2 Nf6 31. Kf2 Rd7 32. Ke2 Nh5 33. d4 Nf6 34. Rc5 Nd5 35. Ra5 Nc7 36. Nb4 Rd6 37. Rc5 Nb5 38. a4 Nxd4+ 39. exd4 Rxd4 40. Nc6 Rxa4 41. Kf3 Ra3+ 42. Kf2 Kg7 43. Ne5 Rb3 44. Rc7 Kg8 45. Nxf7 a5 46. Ng5 Rb6 47. Ra7 1-0


[Site "https://www.chess.com"]

[Event "Titled Tuesday Blitz April 4 Early 2023"]
[White "Kubatko, Ivan"]
[Black "Omelja, Artem"]
[WhiteFideId "24111473"]
[BlackFideId "14119846"]
[WhiteElo "2285"]
[BlackElo "2404"]
[Result "1-0"]
[Round "09"]
[TimeControl "180+2"]
[Date "2023.04.04"]
[WhiteClock "0:00:06"]
[BlackClock "0:00:04"]

1. e4 c5 2. c3 d5 3. exd5 Qxd5 4. d4 Nf6 5. Nf3 Bg4 6. Be2 Nc6 7. h3 Bh5 8. O-O e6 9. a3 Be7 10. c4 Qd8 11. dxc5 Bxc5 12. b4 Bb6 13. Bb2 O-O 14. Nc3 Bxf3 15. Bxf3 Bd4 16. Qb3 Qc7 17. Nb5 Qe5 18. Rfe1 Qf4 19. Bxd4 Nxd4 20. Nxd4 Qxd4 21. Bxb7 Rab8 22. Rad1 Qf4 23. Bf3 Rfc8 24. Rc1 e5 25. Qe3 Rxc4 26. Rxc4 Qxc4 27. Qxe5 Rc8 28. g3 h6 29. Kg2 Qa2 30. Ra1 Qd2 31. Qe1 Qb2 32. Qb1 Qd2 33. Qe1 Qb2 34. Qb1 Qd2 35. a4 Rc2 36. Qe1 Qd4 37. Rd1 Qb2 38. Rd8+ Kh7 39. Be4+ Nxe4 40. Qxe4+ g6 41. Qf3 Kg7 42. Rd7 Qf6 43. Rxa7 Qe6 44. Ra5 Rc4 45. Rb5 Rd4 46. Qe3 Qd6 47. Qf3 Rd3 48. Qe4 Rd2 49. Qe5+ Qxe5 50. Rxe5 Rd4 51. Rb5 f5 52. a5 Kf6 53. a6 Rd6 54. Ra5 f4 55. a7 fxg3 56. Kxg3 Rd3+ 57. f3 h5 58. a8=Q h4+ 59. Kf2 Rd2+ 60. Ke3 Rg2 61. Qf8+ Ke6 62. Qg8+ Kf6 63. Qf8+ Ke6 64. Ra6+ Kd5 65. Qf7+ Ke5 66. Qf4+ Kd5 67. Qd4# 1-0


[Site "https://www.chess.com"]

[Event "Titled Tuesday Blitz April 4 Early 2023"]
[White "Ordekalog"]
[Black "Hajiyev, Kanan"]
[BlackFideId "13404148"]
[WhiteElo "2546"]
[BlackElo "2103"]
[Result "1-0"]
[Round "09"]
[TimeControl "180+2"]
[Date "2023.04.04"]
[WhiteClock "0:00:44"]
[BlackClock "0:00:48"]

1. e4 c6 2. d4 d5 3. Nd2 a6 4. Bd3 dxe4 5. Nxe4 Bf5 6. Nf3 e6 7. O-O Nf6 8. Nxf6+ Qxf6 9. Bg5 Qg6 10. Bxf5 Qxf5 11. Re1 Bd6 12. c4 O-O 13. c5 Bc7 14. Qb3 Ra7 15. Bh4 Nd7 16. Bg3 b5 17. cxb6 Bxb6 18. Ne5 Nxe5 19. Rxe5 Qg4 20. Qxb6 Rd7 21. Qxc6 Qxd4 22. Qc2 f6 23. Rxe6 Rfd8 24. Ree1 h5 25. h4 a5 26. Re4 Qb6 27. Rae1 Kf7 28. Qc4+ Kg6 29. Qc2 Kf7 30. R4e2 Rd3 31. Kh2 R8d7 32. Qc4+ Kg6 33. Re7 Rxe7 34. Rxe7 Qd4 35. Qf7+ Kf5 36. Qxh5+ g5 37. Qh7+ Kg4 38. Re4+ 1-0


[Site "https://www.chess.com"]

[Event "Titled Tuesday Blitz April 4 Early 2023"]
[White "Vakhidov, Shahzod"]
[Black "Harriott, Tyrell"]
[WhiteFideId "14205270"]
[BlackFideId "2086484"]
[WhiteElo "2212"]
[BlackElo "2107"]
[Result "1-0"]
[Round "09"]
[TimeControl "180+2"]
[Date "2023.04.04"]
[WhiteClock "0:00:07"]
[BlackClock "0:00:11"]

1. Nf3 e6 2. g3 d5 3. d4 Bd6 4. Bg2 f5 5. c4 c6 6. Qc2 Nf6 7. Nc3 O-O 8. O-O Qe8 9. Rb1 Nbd7 10. cxd5 exd5 11. Qxf5 Ne4 12. Qh3 Ne5 13. Qh4 Ng6 14. Qh5 Rf5 15. Qg4 Rg5 16. Qxg5 Nxg5 17. Bxg5 h6 18. Bd2 b5 19. a3 a6 20. e4 Be6 21. exd5 cxd5 22. Rfe1 Qf7 23. Re3 Bf5 24. Rbe1 Rf8 25. Ng5 Qf6 26. Bxd5+ Kh8 27. Nge4 Qd8 28. Rf3 Bg4 29. Rxf8+ Bxf8 30. Nc5 a5 31. b4 axb4 32. axb4 Bf5 33. Be3 Kh7 34. Be4 Bxe4 35. N3xe4 Qe8 36. d5 Qd8 37. d6 Qe8 38. d7 Qd8 39. Rd1 Be7 40. Ne6 Qa8 41. d8=Q Bxd8 42. N4c5 Qa2 43. Nxd8 Qb2 44. Nde6 Qxb4 45. Rd7 Qb1+ 46. Kg2 b4 47. Rxg7+ Kh8 48. Bd4 Ne5 49. Bxe5 h5 50. Rg5+ Kh7 51. h4 b3 52. Nf8+ Kh6 53. Bg7# 1-0


[Site "https://www.chess.com"]

[Event "Titled Tuesday Blitz April 4 Early 2023"]
[White "Pajeken, Jakob Leon"]
[Black "Maxfan2008"]
[WhiteFideId "12942839"]
[WhiteElo "2414"]
[BlackElo "2426"]
[Result "0-1"]
[Round "09"]
[TimeControl "180+2"]
[Date "2023.04.04"]
[WhiteClock "0:00:09"]
[BlackClock "0:00:09"]

1. Nf3 d5 2. c4 c6 3. d4 Nf6 4. e3 e6 5. b3 Nbd7 6. Bb2 Be7 7. Bd3 O-O 8. Nbd2 b6 9. O-O Bb7 10. e4 dxe4 11. Nxe4 c5 12. Qe2 cxd4 13. Bxd4 Nc5 14. Bxf6 Bxf6 15. Rad1 Nxd3 16. Rxd3 Qe7 17. Rfd1 Rfd8 18. Nd6 Bc6 19. Ne5 Bxe5 20. Qxe5 Rd7 21. h3 f6 22. Qe3 Rad8 23. Nf5 Qf7 24. Nd4 Bb7 25. Nb5 Qg6 26. Qxe6+ Kh8 27. Rd5 Bxd5 28. cxd5 Qc2 29. Re1 h6 30. d6 Qc5 31. a4 a6 32. Nc7 Rxd6 33. Qe7 R6d7 34. Qxc5 bxc5 35. Nxa6 Rd1 36. Rxd1 Rxd1+ 37. Kh2 Rc1 38. Kg3 Rc3+ 39. f3 Kg8 40. Kf4 Rxb3 41. Nxc5 Rb4+ 42. Kf5 Rc4 43. Ne4 Rxa4 44. h4 Kf7 45. g4 g6+ 46. Kf4 Ke6 47. Kg3 Ke5 48. g5 hxg5 49. hxg5 f5 50. Nf6 f4+ 51. Kg4 Ra1 52. Ne4 Rg1+ 53. Kh3 Kf5 54. Kh2 Rf1 55. Kg2 Re1 56. Kh3 Rxe4 57. fxe4+ Kxe4 58. Kg2 Ke3 59. Kf1 Kf3 60. Kg1 Ke2 61. Kg2 f3+ 62. Kh2 f2 63. Kg3 f1=Q 64. Kh2 Qf4+ 65. Kh3 Qxg5 66. Kh2 Kf2 0-1


[Site "https://www.chess.com"]

[Event "Titled Tuesday Blitz April 4 Early 2023"]
[White "Kashtanov, Ruslan"]
[Black "Demin, Vladimir"]
[WhiteFideId "4124871"]
[BlackFideId "4167457"]
[WhiteElo "2276"]
[BlackElo "2544"]
[Result "0-1"]
[Round "09"]
[TimeControl "180+2"]
[Date "2023.04.04"]
[WhiteClock "0:00:01"]
[BlackClock "0:00:26"]

1. d4 d5 2. c4 e6 3. Nf3 Nf6 4. g3 Be7 5. Bg2 O-O 6. O-O dxc4 7. Qc2 b5 8. a4 Bb7 9. axb5 a6 10. Nc3 axb5 11. Rxa8 Bxa8 12. Nxb5 c5 13. dxc5 Qa5 14. Na3 Be4 15. Qxc4 Bxc5 16. Nb5 Rc8 17. Nbd4 Bd5 18. Qd3 Qb6 19. b3 Be4 20. Qc3 Nbd7 21. Ba3 e5 22. Bxc5 Rxc5 23. Qe3 exd4 24. Qxd4 Rc8 25. Qxb6 Nxb6 26. Ne5 Bxg2 27. Kxg2 Nbd5 28. Rd1 g6 29. e4 Nc3 30. Rc1 Nfxe4 31. f3 Nd2 32. Nc4 Nd5 0-1


[Site "https://www.chess.com"]

[Event "Titled Tuesday Blitz April 4 Early 2023"]
[White "Budrewicz, Krzysztof"]
[Black "Manukian, Artak"]
[WhiteFideId "1127950"]
[BlackFideId "13301373"]
[WhiteElo "2230"]
[BlackElo "2130"]
[Result "1/2-1/2"]
[Round "09"]
[TimeControl "180+2"]
[Date "2023.04.04"]
[WhiteClock "0:00:15"]
[BlackClock "0:00:08"]

1. d4 d5 2. c4 dxc4 3. Nf3 Nf6 4. Nc3 a6 5. a4 Bf5 6. e3 Bd3 7. Bxd3 cxd3 8. Qxd3 e6 9. O-O c5 10. Rd1 Nc6 11. b3 cxd4 12. exd4 Bb4 13. Bg5 Rc8 14. d5 Bxc3 15. Qxc3 Ne7 16. Qb4 Nexd5 17. Qxb7 O-O 18. Qxa6 h6 19. Bh4 Qc7 20. Bg3 Qc2 21. Qd3 Ne4 22. Qxc2 Rxc2 23. a5 Ra8 24. Rd4 Rxa5 25. Rda4 Rxa4 26. bxa4 Nb4 27. Be5 Nxf2 28. a5 Na6 29. Bd4 Nd3 30. Bb6 Kf8 31. Nd4 Rc1+ 32. Rxc1 Nxc1 33. Kf2 Nd3+ 34. Ke3 Ndb4 35. Nb5 Ke7 36. Kd4 Kd7 37. Kc4 Nd5 38. Bf2 Nf4 39. g3 Ng6 40. Nd4 Ne5+ 41. Kb5 Nc7+ 42. Ka4 g5 43. Nb3 Kc6 44. Bd4 Nd7 45. g4 e5 46. Bf2 Ne6 47. a6 f6 48. Ka5 Nc7 49. a7 Kb7 50. Nc5+ Nxc5 51. Bxc5 Nd5 52. Kb5 Nf4 53. Be3 Nd5 54. Bf2 e4 55. Kc5 e3 56. Be1 Nf4 57. Kd4 e2 58. Ke4 Kxa7 59. Kf5 Kb7 60. Kxf6 Nd3 61. Bd2 e1=Q 62. Bxe1 Nxe1 63. Kg6 Nf3 64. Kxh6 Nxh2 65. Kxg5 Nxg4 1/2-1/2


[Site "https://www.chess.com"]

[Event "Titled Tuesday Blitz April 4 Early 2023"]
[White "Sreyas Payyappat"]
[Black "Topalov, Aleksandar"]
[WhiteFideId "46674969"]
[BlackFideId "925659"]
[WhiteElo "2083"]
[BlackElo "2151"]
[Result "0-1"]
[Round "09"]
[TimeControl "180+2"]
[Date "2023.04.04"]
[WhiteClock "0:00:01"]
[BlackClock "0:00:17"]

1. e4 e6 2. d4 d5 3. Nc3 Bb4 4. e5 Qd7 5. a3 Bxc3+ 6. bxc3 b6 7. Qg4 f5 8. Qh5+ Qf7 9. Qh4 Ba6 10. Bxa6 Nxa6 11. Nf3 Ne7 12. Ng5 Qg6 13. g3 Nb8 14. Bd2 Nbc6 15. Rg1 O-O-O 16. O-O-O h6 17. Nh3 Qe8 18. g4 g5 19. Qg3 f4 20. Qd3 Na5 21. Qa6+ Kb8 22. Kb2 Qa4 23. Kb1 Qxa3 24. f3 Rc8 25. Nf2 c5 26. Nd3 cxd4 27. cxd4 Rc4 28. Qb5 Ra4 29. Bc3 Qa2+ 30. Kc1 Rc8 31. Nb4 Qc4 0-1


[Site "https://www.chess.com"]

[Event "Titled Tuesday Blitz April 4 Early 2023"]
[White "Rios Escobar, Adan"]
[Black "Tomaszewski, Kacper"]
[WhiteFideId "3403645"]
[BlackFideId "1127373"]
[WhiteElo "2415"]
[BlackElo "2211"]
[Result "1-0"]
[Round "09"]
[TimeControl "180+2"]
[Date "2023.04.04"]
[WhiteClock "0:00:08"]
[BlackClock "0:00:18"]

1. d4 Nf6 2. g3 Nc6 3. Nf3 e6 4. Bg2 b6 5. O-O Bb7 6. c4 Be7 7. Nc3 Na5 8. b3 O-O 9. Bb2 d5 10. cxd5 Nxd5 11. Rc1 c5 12. dxc5 Bxc5 13. Nxd5 Qxd5 14. Qe1 Qd6 15. Qc3 f6 16. Rfd1 Qe7 17. a3 Rac8 18. Qe1 Nxb3 19. Rc3 Na5 20. Rdc1 Rcd8 21. Rxc5 bxc5 22. Qxa5 Bxf3 23. Bxf3 Rc8 24. a4 Rc7 25. Ba3 Rfc8 26. Qb5 Qd7 27. Qxd7 Rxd7 28. Rxc5 Rxc5 29. Bxc5 Rd1+ 30. Kg2 Ra1 31. Bxa7 Rxa4 32. Be3 Kf7 33. h4 g6 34. h5 g5 35. g4 h6 36. Kg3 f5 37. Bc5 Rc4 38. Bd6 Rc3 39. e3 Rd3 40. Be5 Ra3 41. Kg2 Ra5 42. Bd4 e5 43. Bc3 Rc5 44. Bb4 Rb5 45. Bc3 e4 46. Be2 Rc5 47. Bd4 Rc2 48. Bd1 Rc1 49. Bb3+ Ke7 50. gxf5 Rb1 51. f6+ Kf8 52. Bc5+ Ke8 53. f7+ Kd7 54. f8=Q Rg1+ 55. Kxg1 1-0


[Site "https://www.chess.com"]

[Event "Titled Tuesday Blitz April 4 Early 2023"]
[White "Yanayt, Eugene"]
[Black "Turzo, Attila"]
[WhiteFideId "2020165"]
[BlackFideId "704954"]
[WhiteElo "2083"]
[BlackElo "2520"]
[Result "1-0"]
[Round "09"]
[TimeControl "180+2"]
[Date "2023.04.04"]
[WhiteClock "0:00:23"]
[BlackClock "0:00:21"]

1. Nf3 c5 2. c4 g6 3. Nc3 Bg7 4. g3 Nc6 5. Bg2 e5 6. O-O Nge7 7. Ne1 O-O 8. Nc2 d6 9. Ne3 Be6 10. Ned5 Rb8 11. Rb1 a5 12. a3 Bxd5 13. Nxd5 Nxd5 14. Bxd5 Ne7 15. Bg2 b5 16. cxb5 Rxb5 17. d3 Qb6 18. Qc2 Rb8 19. Kh1 Qa6 20. Bd2 a4 21. Bc3 f5 22. f4 exf4 23. Bxg7 Kxg7 24. Qc3+ Kf7 25. Qc4+ Kf6 26. Rxf4 R8b6 27. g4 Rb3 28. g5+ Kg7 29. Qe6 Qa7 30. Rh4 Rxb2 31. Qf6+ Kg8 32. Rxb2 1-0


[Site "https://www.chess.com"]

[Event "Titled Tuesday Blitz April 4 Early 2023"]
[White "Weishaeutel, Moritz"]
[Black "Koridze, Lile"]
[WhiteFideId "12967300"]
[BlackFideId "13612514"]
[WhiteElo "2301"]
[BlackElo "2047"]
[Result "1-0"]
[Round "09"]
[TimeControl "180+2"]
[Date "2023.04.04"]
[WhiteClock "0:00:41"]
[BlackClock "0:00:15"]

1. e4 c5 2. b4 cxb4 3. a3 bxa3 4. d4 d5 5. exd5 Qxd5 6. Nxa3 a6 7. Nb5 Qe6+ 8. Be2 Kd8 9. Bf4 Bd7 10. Nc7 Qf5 11. Nxa8 Qxf4 12. Nb6 Nc6 13. Nxd7 Kxd7 14. Nf3 e6 15. O-O Bd6 16. d5 exd5 17. Qxd5 Nge7 18. Qb3 Kc7 19. Rfb1 Nd8 20. Qb6+ Kc8 21. g3 Qf6 22. Bxa6 bxa6 23. Rxa6 Nec6 24. Nd2 Bc7 25. Qb5 Qd4 26. Nb3 Qb4 27. Ra8+ Bb8 28. Rxb8+ Nxb8 29. Qxb4 1-0


[Site "https://www.chess.com"]

[Event "Titled Tuesday Blitz April 4 Early 2023"]
[White "Fuzesabonyilaci"]
[Black "Forgacs, Attila Jr."]
[BlackFideId "773654"]
[WhiteElo "2376"]
[BlackElo "2168"]
[Result "0-1"]
[Round "09"]
[TimeControl "180+2"]
[Date "2023.04.04"]
[WhiteClock "0:00:06"]
[BlackClock "0:00:48"]

1. Nf3 Nf6 2. g3 g6 3. b3 Bg7 4. Bb2 O-O 5. Bg2 d6 6. O-O e5 7. d3 Nc6 8. c4 h6 9. Nc3 Be6 10. a3 Qd7 11. b4 Nh7 12. Nd5 f5 13. Nd2 Rab8 14. Qb3 Ne7 15. b5 f4 16. Nxe7+ Qxe7 17. Be4 g5 18. Qa4 Bh3 19. Rfe1 Qf6 20. Qxa7 fxg3 21. fxg3 Ra8 22. Qe3 h5 23. Bxh7+ Kxh7 24. Ne4 Qf5 25. Nxg5+ Kh8 26. Nxh3 Qxh3 27. Qe4 Rf2 28. Kxf2 Qxh2+ 29. Kf1 Rf8+ 30. Qf3 Rxf3+ 31. exf3 Qxb2 32. a4 e4 33. fxe4 Bd4 0-1


[Site "https://www.chess.com"]

[Event "Titled Tuesday Blitz April 4 Early 2023"]
[White "Kraus, Tomas"]
[Black "Shevtchenko, Olesya"]
[WhiteFideId "331708"]
[BlackFideId "24131890"]
[WhiteElo "2389"]
[BlackElo "2003"]
[Result "0-1"]
[Round "09"]
[TimeControl "180+2"]
[Date "2023.04.04"]
[WhiteClock "0:00:14"]
[BlackClock "0:01:41"]

1. e4 c6 2. d4 d5 3. f3 e6 4. Nc3 b5 5. Be3 b4 6. Nce2 Nf6 7. e5 Nfd7 8. Nf4 c5 9. Bb5 Qb6 10. Bxd7+ Nxd7 11. Nge2 Ba6 12. Kf2 Bxe2 13. Nxe2 cxd4 14. Bxd4 Bc5 15. f4 O-O 16. Rc1 Rac8 17. Bxc5 Nxc5 18. Qd4 Ne4+ 19. Ke3 Qa5 20. Ng3 Rc4 21. Qd3 Qb6+ 22. Kf3 Qf2+ 23. Kg4 Nf6+ 24. exf6 Qxf4+ 25. Kh5 g6+ 26. Qxg6+ hxg6# 0-1


[Site "https://www.chess.com"]

[Event "Titled Tuesday Blitz April 4 Early 2023"]
[White "Vemparala, Nikash"]
[Black "Salman, Pavel"]
[WhiteFideId "30960967"]
[BlackFideId "24153753"]
[WhiteElo "2023"]
[BlackElo "2187"]
[Result "0-1"]
[Round "09"]
[TimeControl "180+2"]
[Date "2023.04.04"]
[WhiteClock "0:00:07"]
[BlackClock "0:01:05"]

1. e4 c5 2. Nf3 e6 3. g3 b6 4. Bg2 Bb7 5. d3 g6 6. O-O Bg7 7. c3 Ne7 8. Re1 O-O 9. d4 cxd4 10. cxd4 d5 11. e5 Nbc6 12. Nc3 Rc8 13. h4 Nf5 14. Bg5 Qd7 15. g4 Nfe7 16. Bf6 Rfe8 17. Qd2 Bf8 18. h5 Na5 19. Qg5 Nc4 20. hxg6 fxg6 21. a4 a6 22. Rab1 Nxb2 23. Rxb2 Rxc3 24. Rxb6 Bc6 25. Qh4 a5 26. Ng5 Nc8 27. Rxc6 Rxc6 28. Re3 Nb6 29. Rg3 Nxa4 30. Rh3 Rc7 31. Qg3 h6 32. Nf3 Nc3 33. Kh2 Ne4 34. Qf4 Rc2 35. Rxh6 Bxh6 36. Qxh6 Qh7 37. Qxh7+ Kxh7 38. Ng5+ Nxg5 39. Bxg5 Rxf2 40. Be3 Re2 41. Bc1 Rc8 0-1


[Site "https://www.chess.com"]

[Event "Titled Tuesday Blitz April 4 Early 2023"]
[White "lluiss"]
[Black "Korelskiy, Egor"]
[BlackFideId "34329064"]
[WhiteElo "2245"]
[BlackElo "2186"]
[Result "0-1"]
[Round "09"]
[TimeControl "180+2"]
[Date "2023.04.04"]
[WhiteClock "0:00:01"]
[BlackClock "0:00:03"]

1. c4 e6 2. Nf3 d5 3. d4 c6 4. e3 f5 5. Ne5 Nf6 6. f4 Bd6 7. Bd3 O-O 8. O-O Ne4 9. cxd5 exd5 10. Nc3 Qe7 11. Nxe4 fxe4 12. Be2 Be6 13. Bd2 Nd7 14. a3 c5 15. Bc3 cxd4 16. Nxd7 dxc3 17. Nxf8 cxb2 18. Rb1 Rxf8 19. Qa4 Bxa3 20. Qxa7 Bc5 21. Qa4 Bxe3+ 22. Kh1 d4 23. Bc4 Rc8 24. Bxe6+ Qxe6 25. Rxb2 d3 26. f5 Qc6 27. Qb3+ Qc4 28. Qxc4+ Rxc4 29. Rxb7 Bd4 30. Re7 e3 31. f6 gxf6 32. Rd7 e2 33. Rb1 Be5 34. Rxd3 Rf4 35. Re3 Rf2 0-1


[Site "https://www.chess.com"]

[Event "Titled Tuesday Blitz April 4 Early 2023"]
[White "Kopczynski, Michal"]
[Black "Krysa, Leandro"]
[WhiteFideId "1124200"]
[BlackFideId "116807"]
[WhiteElo "2212"]
[BlackElo "2489"]
[Result "0-1"]
[Round "09"]
[TimeControl "180+2"]
[Date "2023.04.04"]
[WhiteClock "0:01:06"]
[BlackClock "0:00:36"]

1. e4 c5 2. d4 cxd4 3. c3 Nf6 4. Bd3 dxc3 5. Nxc3 Nc6 6. f4 d5 7. e5 d4 8. Nce2 Nd5 9. Nf3 Bg4 10. O-O e6 11. Kh1 Be7 12. Qe1 Ndb4 13. Be4 d3 14. Nc3 Bxf3 15. Rxf3 Nc2 16. Qg3 Nxa1 17. Rxd3 Qb6 18. Qxg7 Rf8 19. f5 Qf2 20. h3 Qf1+ 21. Kh2 Qxc1 22. Nb5 Rc8 23. fxe6 Qf4+ 24. g3 Qxe4 25. Rd7 Qe2+ 26. Kh1 Qxb5 0-1


[Site "https://www.chess.com"]

[Event "Titled Tuesday Blitz April 4 Early 2023"]
[White "Florescu, Codrut-Constantin"]
[Black "Avazkhonov, Alikhon"]
[WhiteFideId "1202200"]
[BlackFideId "14208504"]
[WhiteElo "2191"]
[BlackElo "1739"]
[Result "1-0"]
[Round "09"]
[TimeControl "180+2"]
[Date "2023.04.04"]
[WhiteClock "0:01:08"]
[BlackClock "0:00:02"]

1. e4 c5 2. Nf3 d6 3. Bc4 Nf6 4. d3 a6 5. Bb3 e6 6. c3 Be7 7. O-O O-O 8. Re1 b5 9. Bc2 Bb7 10. Nbd2 Nbd7 11. h3 Qc7 12. Nf1 Rfe8 13. Ng3 Bf8 14. Bg5 h6 15. Bd2 a5 16. d4 c4 17. Qe2 e5 18. d5 Nc5 19. b3 Ba6 20. bxc4 bxc4 21. Rab1 Nd3 22. Bxd3 cxd3 23. Qe3 Reb8 24. Nf5 Qc4 25. g4 Rxb1 26. Rxb1 Qxe4 27. Rb6 Qxd5 28. g5 Nd7 29. gxh6 g6 30. h7+ Kxh7 31. Rxd6 Qb7 32. Nxe5 Nxe5 33. Qxe5 gxf5 34. Qxf5+ Kg8 35. Qg4+ Bg7 36. Bh6 f6 37. Rd7 Qxd7 38. Qxd7 Bxh6 39. Qd5+ Kg7 40. Qxa8 d2 41. Qa7+ Kg6 42. Qd4 Be2 43. Qe4+ f5 44. Qxe2 Kf6 45. Qd3 1-0


[Site "https://www.chess.com"]

[Event "Titled Tuesday Blitz April 4 Early 2023"]
[White "Melikhov, Evgeny V."]
[Black "Taboas Rodriguez, Daniel"]
[WhiteFideId "4122046"]
[BlackFideId "2208466"]
[WhiteElo "2158"]
[BlackElo "2365"]
[Result "0-1"]
[Round "09"]
[TimeControl "180+2"]
[Date "2023.04.04"]
[WhiteClock "0:00:03"]
[BlackClock "0:01:09"]

1. d4 Nf6 2. c4 g6 3. Nc3 Bg7 4. e4 d6 5. f3 O-O 6. Be3 c5 7. Nge2 Nc6 8. d5 Ne5 9. Ng3 a6 10. a4 Bd7 11. Be2 b5 12. b3 bxc4 13. bxc4 Ne8 14. Ra3 h5 15. O-O h4 16. Nh1 f5 17. Bg5 h3 18. Nf2 hxg2 19. Kxg2 Nf6 20. f4 Nf7 21. Bf3 Nxg5 22. fxg5 Nxe4 23. Nfxe4 fxe4 24. Bxe4 Rxf1 25. Qxf1 Qa5 26. Bxg6 Rf8 27. Qd3 Qb4 28. Ne2 Qe1 29. Ng3 Rf2# 0-1


[Site "https://www.chess.com"]

[Event "Titled Tuesday Blitz April 4 Early 2023"]
[White "Jimenez Jimenez, Leandro"]
[Black "Bilan, Danila"]
[WhiteFideId "6415253"]
[BlackFideId "24161918"]
[WhiteElo "2263"]
[BlackElo "2182"]
[Result "0-1"]
[Round "09"]
[TimeControl "180+2"]
[Date "2023.04.04"]
[WhiteClock "0:00:08"]
[BlackClock "0:00:05"]

1. d4 d5 2. c4 c6 3. cxd5 cxd5 4. Nc3 Nf6 5. Nf3 Nc6 6. Bf4 Bf5 7. Rc1 Qb6 8. e3 Qxb2 9. Nb5 e5 10. dxe5 Bb4+ 11. Nd2 Ne4 12. Nd6+ Bxd6 13. Nxe4 Bb4+ 14. Nd2 O-O 15. Be2 Nxe5 16. Bxe5 Qxe5 17. O-O Ba3 18. Nf3 Qd6 19. Rc3 Bb4 20. Rb3 Rfc8 21. Nd4 Bd7 22. Qb1 a5 23. a3 Bxa3 24. Rxb7 Bb4 25. Bd3 g6 26. Rc1 Rab8 27. Rxb8 Rxb8 28. Qc2 Rd8 29. Rb1 Rc8 30. Qb2 Qc5 31. h3 Qc3 32. Qa2 Qxd3 33. Ra1 Qc4 34. Qb1 Bc3 35. Ra2 Bxd4 36. exd4 Qc1+ 37. Qxc1 Rxc1+ 38. Kh2 a4 39. Rb2 a3 40. Rb7 a2 41. Rxd7 a1=Q 42. Rd8+ Kg7 43. Rxd5 Qb1 0-1


[Site "https://www.chess.com"]

[Event "Titled Tuesday Blitz April 4 Early 2023"]
[White "Vivas Zamora, Fabian Ernesto"]
[Black "Berezin, Viktor"]
[WhiteFideId "3902480"]
[BlackFideId "14107872"]
[WhiteElo "2262"]
[BlackElo "2310"]
[Result "0-1"]
[Round "09"]
[TimeControl "180+2"]
[Date "2023.04.04"]
[WhiteClock "0:00:03"]
[BlackClock "0:00:23"]

1. e4 g6 2. d4 Bg7 3. Nc3 d6 4. f4 Nf6 5. Bd3 O-O 6. Nf3 Na6 7. O-O c5 8. d5 Rb8 9. Qe1 Nb4 10. Qh4 Nxd3 11. cxd3 b5 12. f5 e6 13. Bh6 exf5 14. Ng5 Nh5 15. Bxg7 Kxg7 16. exf5 h6 17. Nce4 hxg5 18. Nxg5 Nf6 19. fxg6 Rh8 20. Qg3 fxg6 21. Rae1 Rb7 22. Re6 Rh5 23. Rexf6 Qe8 24. Ne6+ Bxe6 25. Rxe6 Re7 0-1


[Site "https://www.chess.com"]

[Event "Titled Tuesday Blitz April 4 Early 2023"]
[White "Sharapov, Evgeny"]
[Black "Manon-og, Ramon Jr."]
[WhiteFideId "14103133"]
[BlackFideId "5200776"]
[WhiteElo "2367"]
[BlackElo "2387"]
[Result "1-0"]
[Round "09"]
[TimeControl "180+2"]
[Date "2023.04.04"]
[WhiteClock "0:00:09"]
[BlackClock "0:00:01"]

1. e4 c5 2. Nf3 d6 3. d4 cxd4 4. Nxd4 Nf6 5. f3 a6 6. c4 e6 7. Nc3 Be7 8. Be3 O-O 9. Be2 Nc6 10. O-O Bd7 11. Qd2 Rc8 12. Rac1 Re8 13. Rfd1 Ne5 14. b3 Qa5 15. Nd5 Qxd2 16. Nxe7+ Rxe7 17. Bxd2 d5 18. cxd5 exd5 19. Rxc8+ Bxc8 20. Rc1 Re8 21. exd5 Nxd5 22. Bf1 h6 23. Rc5 Rd8 24. Rc1 Ng6 25. Ba5 b6 26. Nc6 Re8 27. Bd2 Bb7 28. Nb4 Ndf4 29. Re1 Rd8 30. Be3 b5 31. g3 Ne6 32. f4 Nef8 33. Nd3 Rc8 34. Nc5 Rc7 35. Nxb7 Rxb7 36. Rc1 Ne7 37. Bg2 Rd7 38. Bc5 Ne6 39. Be3 Nf5 40. Bf2 Rd2 41. a4 Ned4 42. Rc8+ Kh7 43. Be4 g6 44. Rc7 Kg7 45. Ra7 Nxb3 46. Rxa6 bxa4 47. Rxa4 Rd1+ 48. Kg2 Nd2 49. Bxf5 gxf5 50. Rd4 Kg6 51. Be3 Re1 52. Bxd2 Re2+ 53. Kg1 h5 54. Rd6+ Kh7 55. Bc3 Rc2 56. Be5 Rc1+ 57. Kg2 Rc2+ 58. Kh3 Rc5 59. Rf6 Kg8 60. Rxf5 Rb5 61. Rg5+ Kf8 62. Kh4 Ke8 63. Kxh5 Rb6 64. h4 Rb3 65. Kg4 Kd7 66. h5 Rb1 67. h6 Rh1 68. Rh5 1-0


[Site "https://www.chess.com"]